 Dungeon Crawl Stone Soup version 0.22.1-2-g9c5b331 (webtiles) character file.

116 MalarOregon the Chiller (level 5, -15/38 HPs)
             Began as a Merfolk Ice Elementalist on Nov 12, 2018.
             Blown up by Ijyb (17 damage)
             ... with a wand of disintegration (15)
             ... on level 3 of the Dungeon.
             The game lasted 00:10:00 (3252 turns).

MalarOregon the Chiller (Merfolk Ice Elementalist)  Turns: 3252, Time: 00:10:00

Health: -15/38     AC:  7    Str:  8    XL:     5   Next: 1%
Magic:  1/9        EV: 13    Int: 18    God:
Gold:   232        SH:  0    Dex: 15    Spells: 2/9 levels left

rFire    . . .     SeeInvis .   a - +0 spear
rCold    . . .     Gourm    .   (no shield)
rNeg     . . .     Faith    .   g - +0 robe
rPois    .         Spirit   .   b - +1 helmet
rElec    .         Reflect  .   (no cloak)
rCorr    .         Harm     .   o - +0 pair of gloves
MR       .....                  (no boots)
Stlth    ++........             (no amulet)
HPRegen  0.12/turn              n - +2 ring of protection
MPRegen  0.11/turn              r - +3 ring of intelligence

@: no status effects
A: change form in water, swift swim, stealthy swim
a: no special abilities


You were on level 3 of the Dungeon.
You were not hungry.

You visited 1 branch of the dungeon, and saw 4 of its levels.

You collected 232 gold pieces.

Inventory:

Hand Weapons
 a - a +0 spear (weapon)
   (You found it on level 1 of the Dungeon)
Armour
 b - a +1 helmet (worn)
   (You found it on level 1 of the Dungeon)
 g - a +0 robe (worn)
 o - a +0 pair of gloves (worn)
   (You found it on level 2 of the Dungeon)
Jewellery
 n - a +2 ring of protection (left hand)
   (You found it on level 2 of the Dungeon)
 r - a +3 ring of intelligence (right hand)
   (You found it on level 3 of the Dungeon)
Scrolls
 f - 4 scrolls of remove curse {@r2}
 h - a scroll of random uselessness {unknown}
 j - 3 scrolls of fog
 m - a scroll of blinking {unknown}
 p - 4 scrolls of identify {unknown}
 q - a scroll of noise {unknown}
 s - a scroll of amnesia {unknown}
 u - a scroll of enchant armour
Potions
 c - a potion of lignification {unknown}
 d - 2 potions of degeneration {unknown}
 i - a potion of agility {unknown}
 k - 2 potions of haste {unknown}
 l - 2 potions of magic {unknown}
Comestibles
 e - 11 rations {!d}
 t - a chunk of flesh


   Skills:
 + Level 2.2 Fighting
 + Level 2.5 Polearms
 - Level 3.0 Dodging
 - Level 2.1 Stealth
 + Level 2.9 Spellcasting
 + Level 1.0 Conjurations
 - Level 4.0 Ice Magic


You had 2 spell levels left.
You knew the following spells:

 Your Spells              Type           Power        Failure   Level  Hunger
a - Freeze                Ice            ###.         3%          1    None
c - Throw Icicle          Conj/Ice       ##......     50%         4    ####...
x - Throw Frost           Conj/Ice       ##....       9%          2    ##.....

Your spell library contained the following spells:

 Spells                   Type           Power        Failure   Level  Hunger
 Ozocubu's Armour         Chrm/Ice       #.......     22%         3    ###....
 Summon Ice Beast         Ice/Summ       #.......     58%         4    ####...


Dungeon Overview and Level Annotations

Branches:
Dungeon (4/15)
 Temple: D:4-7

Altars:
Kikubaaqudgha
Sif Muna
Uskayaw

Annotations:
D:3 Ijyb
D:4 Sigmund


Message History

Attack whom?
Aim: Ijyb, wielding a dagger, wearing a glowing chain mail and carrying a wand You reach to attack!
You hit Ijyb but do no damage.
Aim: Ijyb, wielding a dagger, wearing a glowing chain mail and carrying a wand You freeze Ijyb.
Ijyb resists.
Ijyb hits you but does no damage.
You barely miss Ijyb. Ijyb hits you but does no damage.
You closely miss Ijyb.
Ijyb screams, "Level is mine!
All mine!"
Ijyb hits you but does no damage.
Aim: Ijyb, wielding a dagger, wearing a glowing chain mail and carrying a wand You freeze Ijyb.
Ijyb resists.
Ijyb zaps a wand.
You are blasted!
You closely miss Ijyb. Ijyb hits you but does no damage.
You hit Ijyb but do no damage. Ijyb hits you with a dagger.
Ijyb barely misses you.
You climb upwards.
There is a stone staircase leading down here.
You hit Ijyb but do no damage. Ijyb hits you with a dagger.
You closely miss Ijyb. Ijyb misses you.
You hit Ijyb but do no damage. Ijyb barely misses you.
You hit Ijyb but do no damage. Ijyb hits you but does no damage.
You hit Ijyb but do no damage. Ijyb hits you but does no damage.
You hit Ijyb but do no damage. Ijyb closely misses you.
You hit Ijyb but do no damage.
Ijyb zaps a wand.
You barely resist. You hit Ijyb but do no damage.
Ijyb hits you but does no damage.
Your magical contamination has completely faded away.
Unknown command.
You closely miss Ijyb. Ijyb closely misses you.
You hit Ijyb but do no damage. Ijyb hits you but does no damage.
You hit Ijyb but do no damage. Ijyb hits you but does no damage.
You hit Ijyb but do no damage. Ijyb hits you with a dagger.
You hit Ijyb. Ijyb barely misses you.
You hit Ijyb but do no damage.
Ijyb zaps a wand.
You are blasted!
Unknown command.
Aim: Ijyb, wielding a dagger, wearing a glowing chain mail and carrying a wand You freeze Ijyb.
Ijyb resists.
Ijyb zaps a wand.
You are blasted!
Ouch! That really hurt!
* * * LOW HITPOINT WARNING * * *
There is an open door here.
Ijyb screams, "I dance on your bones!"
Ijyb zaps a wand.
You are blasted!
You die...

................##.............#
..............##........######.#
............)...........#..รท...#
#.............#............##..#
......###......)...............#
......# #...#<#.............#####
......#####+###..................
.............##..................
..###.........#.@................
..# #.........#..................
#####.........####g#.#...........
..................>..#.........(.
#########..........#+#...........
'.....###........................
#####.#...............####....###
......#.....##.............####
......#.....#........#.....#


You could see Ijyb.

Vanquished Creatures
  5 adders
  An ooze (D:3)
  A worm (D:3)
  A dart slug (D:1)
  3 leopard geckos
  3 orcs (D:3)
  7 bats
  4 giant cockroaches
  3 goblins (D:3)
  7 hobgoblins
  3 jackals (D:3)
  2 quokkas
  5 frilled lizards
  7 kobolds
  5 rats
57 creatures vanquished.

Notes
Turn   | Place    | Note
-------+----------+-------------------------------------------
     0 | D:1      | MalarOregon the Merfolk Ice Elementalist began the quest
                  | for the Orb.
     0 | D:1      | Reached XP level 1. HP: 13/13 MP: 3/3
     6 | D:1      | Noticed a wolf
     6 | D:1      | Noticed a black bear
     6 | D:1      | Noticed a crocodile
     6 | D:1      | Noticed a water moccasin
   169 | D:1      | Reached XP level 2. HP: 20/20 MP: 1/5
   190 | D:1      | Learned a level 2 spell: Throw Frost
   741 | D:1      | Reached skill level 1 in Fighting
  1031 | D:2      | Found an ancient bone altar of Kikubaaqudgha.
  1039 | D:2      | Reached XP level 3. HP: 17/26 MP: 2/6
  1226 | D:2      | Reached skill level 1 in Polearms
  1505 | D:2      | Found a hide-covered altar of Uskayaw.
  1509 | D:2      | Found a deep blue altar of Sif Muna.
  2034 | D:3      | Reached XP level 4. HP: 33/33 MP: 2/7
  2211 | D:3      | Reached skill level 4 in Ice Magic
  2217 | D:3      | Learned a level 4 spell: Throw Icicle
  2384 | D:3      | Found a faded altar of an unknown god.
  2642 | D:4      | Noticed Ijyb
  2666 | D:4      | Noticed Sigmund
  2733 | D:4      | Reached skill level 1 in Conjurations
  3106 | D:3      | Reached XP level 5. HP: 24/38 MP: 3/9
  3249 | D:3      | HP: 1/38 [disintegration (19)]
  3252 | D:3      | Blown up by Ijyb

Skill      XL: |  1  2  3  4 |
---------------+-------------+-----
Dodging        | 3 |  3.0
Fighting       | 1 2 |  2.2
Polearms       | 1 2 |  2.5
Ice Magic      | 4 |  4.0
Conjurations   | 1 |  1.0
Stealth        | |  2.1
Spellcasting   | |  2.9

Action                   |  1- 3 |  4- 6 || total
-------------------------+-------+-------++-------
Melee: Spear             |    81 |    72 ||   153
 Cast: Freeze            |    42 |     9 ||    51
       Throw Frost       |    11 |    14 ||    25
       Throw Icicle      |       |     1 ||     1
  Use: Scroll            |     4 |       ||     4
 Stab: Sleeping          |     4 |     2 ||     6
  Eat: Chunk             |     5 |     5 ||    10
Armor: Robe              |    27 |    24 ||    51
Dodge: Dodged            |    49 |    49 ||    98
